 Dungeon Crawl Stone Soup version 0.19-a0-1931-gf4bb0bd (webtiles) character file.

85 GordonOverkill the Conjurer (level 4, -5/33 HPs)
             Began as a Draconian Fire Elementalist on Oct 25, 2016.
             Slain by Sigmund
             ... wielding a +0 scythe
              (8 damage)
             ... on level 2 of the Dungeon.
             The game lasted 00:05:42 (2551 turns).

GordonOverkill the Conjurer (DrFE)                  Turns: 2551, Time: 00:05:42

Health: -5/33      AC:  6    Str: 10    XL:     4   Next: 25%
Magic:  2/7        EV: 12    Int: 16    God:
Gold:   63         SH:  0    Dex: 12    Spells: 2 memorised, 3 levels left

rFire  . . .     SeeInvis .     l - +2 short sword (freeze)
rCold  . . .     Gourm    .     (armour unavailable)
rNeg   . . .     Faith    .     (no shield)
rPois  .         Spirit   .     (helmet restricted)
rElec  .         Reflect  .     d - +0 cloak
rCorr  .         Harm     .     (no gloves)
MR     .....                    (no boots)
Stlth  ++........               (no amulet)
                                (no ring)
                                (no ring)

@: exhausted, slowed, very slow
A: unfitting armour, cold-blooded, AC +5
a: no special abilities


You were on level 2 of the Dungeon.
You were hungry.

You visited 1 branch of the dungeon, and saw 2 of its levels.

You collected 63 gold pieces.

Inventory:

Hand Weapons
 l - a +2 short sword of freezing (weapon)
Armour
 d - a +0 cloak (worn)
Scrolls
 g - a scroll of recharging {unknown}
 h - a scroll of teleportation {unknown}
 i - a scroll of remove curse {unknown}
 j - a scroll of enchant weapon {unknown}
Potions
 e - a potion of heal wounds {unknown}
Books
 a - a book of Flames

   Spells                             Type                      Level
   a - Flame Tongue                   Conjuration/Fire             1
   b - Throw Flame                    Conjuration/Fire             2
   c - Conjure Flame                  Conjuration/Fire             3
   d - Inner Flame                    Hexes/Fire                   3
   e - Sticky Flame                   Conjuration/Fire             4
   f - Fireball                       Conjuration/Fire             5
Comestibles
 b - 3 bread rations
 f - 2 meat rations


   Skills:
 - Level 1.7 Dodging
 - Level 1.7 Stealth
 - Level 2.0 Spellcasting
 + Level 4.1 Conjurations
 - Level 3.0 Fire Magic


You had 3 spell levels left.
You knew the following spells:

 Your Spells              Type           Power        Failure   Level  Hunger
a - Flame Tongue          Conj/Fire      ##...        6%          1    #......
b - Conjure Flame         Conj/Fire      ##......     14%         3    ###....


Dungeon Overview and Level Annotations

Branches:
Dungeon (2/15)

Altars:
Trog

Annotations:
D:2 Sigmund


Innate Abilities, Weirdness & Mutations

Your plain brown scales are hard. (AC +5)
You cannot fit into any form of body armour.
You are cold-blooded and may be slowed by cold attacks.


Message History

You are confused.
You bump into the rock wall.
You hear some strange, mumbled words.
Something tries to affect you, but you resist.
Unknown command.
It was a potion of berserk rage.
A red film seems to cover your vision as you go berserk!
You feel yourself moving faster!
You feel mighty! Something hits you!
* * * LOW HITPOINT WARNING * * *
Unknown command.
You bump into the rock wall.
You feel a strong urge to attack something.
You bump into the rock wall.
You feel your anger subside.
You feel less confused.
You are no longer berserk.
You are exhausted.
You feel yourself slow down. Something hits you!
* * * LOW HITPOINT WARNING * * *
You miss something. Something hits you!
You die...

#..............#
#..............#
###..............+
#.#..............#
#.##....#........#
#.......+........#
#.#####.#........#
#.# #.#........# #@#
#.#####'#### #{#
#.#.........
####w#####.#.........
#..........#.....[...
#.##.#.....#........#
# #.#.....#........#
#.#.....#........#
#.#.....#........#
#.#.........[....#


You could see a worm.

Vanquished Creatures
  3 adders
  2 oozes
  4 dart slugs (D:1)
  2 goblins
  8 hobgoblins
  4 jackals (D:1)
  5 bats (D:1)
  4 frilled lizards
  6 kobolds
  3 rats (D:1)
41 creatures vanquished.

Notes
Turn   | Place    | Note
-------+----------+-------------------------------------------
     0 | D:1      | GordonOverkill the Draconian Fire Elementalist began the quest for the Orb.
     0 | D:1      | Reached XP level 1. HP: 14/14 MP: 3/3
   347 | D:1      | Reached skill level 2 in Conjurations
   363 | D:1      | Reached XP level 2. HP: 13/20 MP: 0/5
   999 | D:1      | HP: 1/20 [dart slug/slug dart (2)]
  1330 | D:1      | Reached skill level 3 in Conjurations
  1470 | D:1      | Reached XP level 3. HP: 12/26 MP: 0/6
  1865 | D:1      | Learned a level 3 spell: Conjure Flame
  2233 | D:2      | Reached skill level 4 in Conjurations
  2233 | D:2      | Reached XP level 4. HP: 26/33 MP: 1/7
  2457 | D:2      | Found a bloodstained altar of Trog.
  2520 | D:2      | Noticed Sigmund
  2551 | D:2      | Slain by Sigmund

Vault maps used:
D:1:      enne_arrival_octagon_isle, minmay_pentomino_o4
D:2:      bloody_trog, first_bread, supply_closet_lemuel,
          kennysheep_generic_room_10, uniq_sigmund

Skill      XL: |  1  2  3 |
---------------+----------+-----
Conjurations   | 2 3 4 |  4.1
Dodging        | |  1.7
Stealth        | |  1.7
Spellcasting   | |  2.0
Fire Magic     | |  3.0

Action                   |  1- 3 |  4- 6 || total
-------------------------+-------+-------++-------
Melee: Unarmed           |     7 |       ||     7
       Dagger            |    43 |     5 ||    48
       Tailslap          |     3 |       ||     3
       Short sword       |       |    10 ||    10
 Cast: Flame Tongue      |    66 |    12 ||    78
  Use: Potion            |       |     1 ||     1
  Eat: Chunk             |     5 |     1 ||     6
Armor: Skin              |    23 |     3 ||    26
Dodge: Dodged            |    62 |    11 ||    73
